 Dungeon Crawl Stone Soup version 0.27-a0-686-gaed091b46b (webtiles) character file.

Game seed: 13992048877827144171

98 Allula97 the Skirmisher (level 4, 0/35 HPs)
             Began as a Demonspawn Monk on Mar 21, 2021.
             Was a Priest of Dithmenos.
             Slain by an orc wizard
             ... wielding a +0 dagger
              (4 damage)
             ... on level 3 of the Dungeon.
             The game lasted 00:08:13 (2592 turns).

Allula97 the Skirmisher (Demonspawn Monk)           Turns: 2592, Time: 00:08:14

Health: 0/35       AC:  7    Str: 12    XL:     4   Next: 44%
Magic:  4/4        EV: 12    Int: 11    God:    Dithmenos [***...]
Gold:   83         SH:  0    Dex: 16    Spells: 4/4 levels left

rFire    + . .     SeeInvis .   m - +0 dagger
rCold    . . .     Faith    .   (no shield)
rNeg     . . .     Spirit   .   a - +0 leather armour
rPois    .         Reflect  .   (no helmet)
rElec    .         Harm     .   (no cloak)
rCorr    .         Rampage  .   (no gloves)
Will     .....                  (no boots)
Stlth    +.........             (no amulet)
HPRegen  0.11/turn              h - +4 ring of protection
MPRegen  0.09/turn              j - ring of protection from fire

@: confused, mighty, flying, wreathed by umbra
A: demonic magic 1
a: Renounce Religion, Shadow Step


You were on level 3 of the Dungeon.
You worshipped Dithmenos.
Dithmenos was most pleased with you.
You visited 1 branch of the dungeon, and saw 3 of its levels.

You collected 83 gold pieces.

Inventory:

Hand Weapons
 m - a +0 dagger (weapon)
Missiles
 e - 9 poisoned darts (quivered)
Armour
 a - a +0 leather armour (worn)
Jewellery
 h - a +4 ring of protection (right hand)
 j - a ring of protection from fire (left hand)
Scrolls
 d - 2 scrolls of identify {unknown}
 f - 3 scrolls of noise {unknown}
 g - a scroll of immolation {unknown}
 k - 2 scrolls of teleportation {unknown}
Potions
 b - a potion of might


   Skills:
 * Level 3.4 Fighting
 * Level 1.1 Short Blades
 - Level 2.9 Axes
 * Level 1.4 Armour
 * Level 3.3 Dodging
 * Level 2.0 Stealth
 * Level 0.6 Spellcasting
 * Level 0.8 Invocations


You had 4 spell levels left.
You didn't know any spells.
Your spell library was empty.

Dungeon Overview and Level Annotations

Branches:
Dungeon (3/15)

Altars:
Dithmenos
Wu Jian


Innate Abilities, Weirdness & Mutations

Spells you cast may paralyse adjacent enemies.


Message History

You hit something. Something hits you but does no damage.
You closely miss something. Something hits you but does no damage.
You hit something but do no damage. Something hits you.
Throw: 2 darts (curare)
Press: ? - help, Shift-Dir - straight line, f - orc
Aim: an orc, wielding a +0 flail (umbra, 60% to hit)
You throw a curare-tipped dart. The curare-tipped dart hits the orc.
The orc is poisoned.
The orc convulses.
You kill the orc!
Dithmenos accepts your kill. Something hits you but does no damage.
You barely miss something. Something hits you.
* * * LOW HITPOINT WARNING * * *
You closely miss something. Something hits you but does no damage.
Throw: dart (curare)
Press: ? - help, Shift-Dir - straight line You throw a curare-tipped dart.
You hear some strange, mumbled words.
Something tries to affect you, but you resist.
You closely miss something. You closely miss something.
You hear some strange, mumbled words.
Something tries to affect you, but you resist.
You miss something. Something hits you but does no damage.
You hit something. Something hits you but does no damage.
You hit something.
You hear some strange, mumbled words.
You are confused.
You closely miss something. Something hits you.
* * * LOW HITPOINT WARNING * * *
You bump into the rock wall.
Something hits you.
* * * LOW HITPOINT WARNING * * *
It was a potion of flight.
You feel very buoyant.
You fly up into the air.
Something hits you but does no damage.
It was a potion of might.
You feel very mighty all of a sudden. Something hits you.
You die...

#..## ##..#
##.# #.# #.#
o### #.# ....
#.# #[.#######
#.#
#(){@...###
#.#
#######...#
#.#
###.########.#
#..........#
############


There were no monsters in sight!

Vanquished Creatures
  Terence (D:3)
  3 adders (D:2)
  2 leopard geckos (D:2)
  4 orcs (D:3)
  A ball python (D:2)
  A bat (D:2)
  2 giant cockroaches (D:2)
  6 goblins
  5 hobgoblins
  2 jackals (D:2)
  4 kobolds
  6 frilled lizards
  3 rats
40 creatures vanquished.

Notes
Turn   | Place    | Note
-------+----------+-------------------------------------------
     0 | D:1      | Allula97 the Demonspawn Monk began the quest for the Orb.
     0 | D:1      | Reached XP level 1. HP: 18/18 MP: 1/1
   487 | D:1      | Gained mutation: Spells you cast may paralyse adjacent
                  | enemies. [demonic ancestry]
   487 | D:1      | Reached XP level 2. HP: 17/24 MP: 2/2
  1071 | D:2      | Found a faded altar of an unknown god.
  1076 | D:2      | Became a worshipper of Dithmenos the Shadowed
  1076 | D:2      | Reached * piety under Dithmenos
  1076 | D:2      | Reached ** piety under Dithmenos
  1477 | D:2      | Reached XP level 3. HP: 28/29 MP: 3/3
  1655 | D:2      | Reached *** piety under Dithmenos
  1719 | D:2      | Found an ornate altar of the Wu Jian Council.
  1725 | D:2      | Noticed a spectral centipede
  1725 | D:2      | Noticed a spectral black mamba
  1725 | D:2      | Noticed a spectral cane toad
  1971 | D:2      | Reached skill level 1 in Armour
  2285 | D:3      | Noticed Terence
  2306 | D:3      | Killed Terence
  2307 | D:3      | Reached skill level 1 in Short Blades
  2307 | D:3      | Reached XP level 4. HP: 11/35 MP: 4/4
  2592 | D:3      | Slain by an orc wizard

Illustrated notes

Levels and vault maps discovered:
D:1:      enne_arrival_octagon_isle, layout_loops_ring
D:2:      layout_loops_ring, pdpol_wu_jian_five_deadly_venoms,
          chequers_ecumenical_altar_simple
D:3:      layout_rooms, general_overflow_altar, uniq_terence

Skill      XL: |  1  2  3 |
---------------+----------+-----
Dodging        | 3 |  3.3
Armour         | 1 |  1.4
Stealth        | 2 |  2.0
Short Blades   | 1 |  1.1
Fighting       | |  3.4
Axes           | |  2.9
Spellcasting   | |  0.6
Invocations    | |  0.8

Action                   |  1- 3 |  4- 6 || total
-------------------------+-------+-------++-------
Melee: Hand axe          |    37 |       ||    37
       Dagger            |   139 |    33 ||   172
Throw: Dart              |    31 |     7 ||    38
  Use: Potion            |     1 |     2 ||     3
 Stab: Sleeping          |     2 |       ||     2
Armor: Robe              |    11 |       ||    11
       Leather armour    |    27 |    13 ||    40
Dodge: Dodged            |   143 |     9 ||   152

Table legend: (Time is in decaauts)
 A = Elapsed time spent in this place.
 B = Non-inter-level travel time spent in this place.
 C = Inter-level travel time spent in this place.
 D = Time resting spent in this place.
 E = Time spent auto-exploring this place.
 F = Levels seen in this place.
 G = Mean time per level.
                   A        B        C        D        E       F      G
               +--------+--------+--------+--------+--------+-----+--------+
         Total |   2592 |   2380 |    212 |    130 |   1575 |   3 |  864.0 |
       Dungeon |   2592 |   2380 |    212 |    130 |   1575 |   3 |  864.0 |
               +--------+--------+--------+--------+--------+-----+--------+

Top non-repeatable levels by time:
     D:1: 1164 daAuts
     D:2: 1105 daAuts
     D:3: 323 daAuts
